 Dungeon Sprint DCSS version 0.27-a0-1149-g4505690ab0 (webtiles) character file.

Game seed: 4631320377118045026

225 zazu2006 the Covert (level 5, -5/37 HPs)
             Began as a Spriggan Enchanter on May 14, 2021.
             Was a Believer of Dithmenos.
             Slain by a fire elemental (13 damage)
             ... in the Dungeon (Sprint V: "Ziggurat Sprint").
             The game lasted 00:02:39 (392 turns).

zazu2006 the Covert (Spriggan Enchanter)             Turns: 392, Time: 00:02:41

Health: -5/37      AC:  2    Str: 10    XL:     5   Next: 68%
Magic:  13/13      EV: 21    Int: 17    God:    Dithmenos [**....]
Gold:   0          SH:  0    Dex: 22    Spells: 3/13 levels left

rFire    . . .     SeeInvis +   F - +5 quick blade
rCold    . . .     Faith    .   (shield restricted)
rNeg     . . .     Spirit   .   b - +0 robe
rPois    .         Reflect  .   (helmet restricted)
rElec    .         Harm     .   (no cloak)
rCorr    .         Rampage  .   (gloves unavailable)
Will     .....     NoTele   +   (boots unavailable)
Stlth    ..........             (no amulet)
HPRegen  0.12/turn              t - +6 ring of dexterity
MPRegen  0.13/turn              x - +6 ring of strength

@: berserking, wreathed by umbra, very quick
A: very small, no large weapons, unfitting armour, see invisible, speed 3
a: Renounce Religion, Shadow Step


You were in the Dungeon.
You worshipped Dithmenos.
Dithmenos was pleased with you.
You visited 1 branch

Inventory:

Hand Weapons
 a - a +1 dagger
 E - a +5 demon blade
 F - a +5 quick blade (weapon)
Armour
 b - a +0 robe (worn)
 C - a +3 buckler
 D - +5 gold dragon scales
Jewellery
 s - a ring of flight
 t - a +6 ring of dexterity (left hand)
 u - a +6 ring of dexterity
 v - a +6 ring of intelligence
 w - a +6 ring of intelligence
 x - a +6 ring of strength (right hand)
 y - a +6 ring of strength
Wands
 z - a wand of mindburst (7)
 A - a wand of iceblast (7)
 B - a wand of acid (7)
Scrolls
 i - 4 scrolls of blinking
 n - 4 scrolls of amnesia
 o - 7 scrolls of fog
 p - a scroll of holy word
 q - 5 scrolls of identify
 r - 2 scrolls of fear
Potions
 c - 2 potions of brilliance
 d - 10 potions of curing
 e - 10 potions of heal wounds
 f - 6 potions of haste
 g - 7 potions of magic
 j - 2 potions of invisibility
 k - 4 potions of resistance
 l - a potion of experience
 m - 5 potions of might


   Skills:
 + Level 0.6 Fighting
 + Level 2.9 Short Blades
 * Level 3.4 Armour
 + Level 5.3 Dodging
 + Level 8.7 Stealth
 * Level 3.3 Shields
 + Level 4.8 Spellcasting
 + Level 8.2 Hexes


You had 3 spell levels left.
You knew the following spells:

 Your Spells              Type           Power      Damage    Failure   Level
a - Corona                Hex            35%        N/A       1%          1
b - Ensorcelled Hibernat  Hex/Ice        36%        N/A       4%          2
c - Dazzling Flash        Conj/Hex       36%        N/A       9%          3
d - Cause Fear            Hex            16%        N/A       4%          4

Your spell library contained the following spells:

 Spells                   Type           Power      Damage    Failure   Level
 Confusing Touch          Hex            32%        N/A       1%          3
 Tukima's Dance           Hex            32%        N/A       1%          3
 Portal Projectile        Hex/Tloc       36%        N/A       9%          3
 Foxfire                  Conj/Fire      16%        2x1d4     14%         1
 Gell's Gravitas          Tloc           2%         N/A       41%         3
 Passage of Golubria      Tloc           N/A        N/A       82%         4
 Manifold Assault         Tloc           4%         N/A       99%         5
 Dispersal                Tloc           2%         N/A       100%        6
 Dragon Form              Tmut           2%         N/A       100%        7
 Disjunction              Tloc           2%         N/A       100%        8
 Dragon's Call            Summ           2%         N/A       100%        9


Dungeon Overview and Level Annotations

Branches:
Dungeon (1/1)

Altars:
Ashenzari
Cheibriados
Dithmenos
Elyvilon
Fedhas
Gozag
Hepliaklqana
Kikubaaqudgha
Makhleb
Nemelex Xobeh
Okawaru
Qazlal
Ru
Sif Muna
Trog
Uskayaw
Vehumet
Wu Jian
Xom
Yredelemnul
Zin
The Shining One
Beogh
Jiyva
Lugonu

Annotations:
D 1 transporter


Innate Abilities, Weirdness & Mutations

You are very small and have problems with some larger weapons.
You are too small for most types of armour.
You have supernaturally acute eyesight. (SInv)
You cover ground extremely quickly. (Speed+++)


Message History

You recover from your berserk rage.
You start resting.
HP restored.
There is a transporter here.
Welcome to arena 3.
You enter the transporter and appear at another place. 4 fire elementals come into view.
Found four items.
Found a transporter.
Okay, then.
A red film seems to cover your vision as you go berserk!
You feel yourself moving faster!
You feel mighty! The fire elemental misses you.
The fire elemental closely misses you.
You puncture the fire elemental!
The fire elemental is moderately damaged.
The fire elemental hits you. The fire elemental burns you!
You puncture the fire elemental!
The fire elemental is severely damaged.
The fire elemental completely misses you.
You puncture the fire elemental!
You destroy the fire elemental!
Dithmenos accepts your kill. The fire elemental misses you.
Your Armour skill increases to level 3!
Your Dodging skill increases to level 5!
Your Stealth skill gained 2 levels and is now at level 8!
Your Shields skill increases to level 3!
Your Hexes skill gained 2 levels and is now at level 8!
You have reached level 5!
You feel agile.
You hit the fire elemental.
The fire elemental is lightly damaged.
The fire elemental hits you. The fire elemental burns you!
* * * LOW HITPOINT WARNING * * *
You puncture the fire elemental!
The fire elemental is moderately damaged.
The fire elemental completely misses you.
The fire elemental hits you.
* * * LOW HITPOINT WARNING * * *
The fire elemental burns you!
You die...

▓▓▓▓▓▓▓▓▓▓▓▓▓▓▓▓▓▓▓
▓.8©8.▓.8©8.▓.8©8.▓
▓.○°°.▓..=}.▓.....▓
▓○○°°.▓.....▓...|.▓
▓EEE..▓.....▓.....▓
▓.@...▓.....▓.....▓
▓.....▓.....▓..©..▓
▓..©..▓..©..▓▓▓▓▓▓▓
▓▓▓▓▓▓▓▓▓▓▓▓▓


You could see 3 fire elementals.

Vanquished Creatures
  A fire elemental (D)
  A crimson imp (D)
  A quasit (D)
  2 shadow imps (D)
  A white imp (D)
6 creatures vanquished.

Notes
Turn   | Place    | Note
-------+----------+-------------------------------------------
     0 | D        | zazu2006 the Spriggan Enchanter began the quest for the
                  | Orb.
     0 | D        | Reached XP level 1. HP: 9/9 MP: 5/5
     0 | D        | Found a shimmering blue altar of Sif Muna.
     0 | D        | Found a sacrificial altar of Ru.
     0 | D        | Found a bloodstained altar of Trog.
     0 | D        | Found a stormy altar of Qazlal.
     0 | D        | Found an iron altar of Okawaru.
     0 | D        | Found a sparkling altar of Nemelex Xobeh.
     0 | D        | Found a blossoming altar of Fedhas.
     1 | D        | Found the +6 Majin-Bo {vamp, MP+6 Int+6}
     1 | D        | Found the +9 heavy crossbow "Sniper" {vorpal, Acc+∞ SInv}
     1 | D        | Found the +10 dark maul {vorpal}
     1 | D        | Found the +15 Maxwell's patent armour {-Cast -Tele rElec
                  | Will+ rCorr}
     1 | D        | Found the +18 shield of the Gong {rElec rN+ Will+ EV-5}
     1 | D        | Found the +14 obsidian axe {vorpal, Drain Fly SInv}
     1 | D        | Found the +7 great mace "Firestarter" {inner flame, rF++}
     1 | D        | Found the +6 shillelagh "Devastator" {shatter}
     1 | D        | Found the +11 plutonium sword {Contam Stlth-}
     1 | D        | Found the +8 lance "Wyrmbane" {slay drac, rPois rF+ rC+
                  | AC+3}
     1 | D        | Found the +9 sword of Zonguldrok {reap}
     1 | D        | Found the +13 scythe of Curses {drain, Drain}
     1 | D        | Found the +5 sword of Power {vorpal}
     1 | D        | Found the +7 mace of Variability {chain chaos}
     1 | D        | Found the +7 Singing Sword {vorpal, sonic wave}
     1 | D        | Found the +8 storm bow {elec, penet}
     2 | D        | Found a transporter.
     2 | D        | Found an ancient bone altar of Kikubaaqudgha.
     2 | D        | Found a viscous altar of Jiyva.
     2 | D        | Found a corrupted altar of Lugonu.
     2 | D        | Found a hazy altar of Hepliaklqana.
     2 | D        | Found a burning altar of Makhleb.
     2 | D        | Found an opulent altar of Gozag.
    35 | D        | Became a worshipper of Dithmenos the Shadowed
    43 | D        | Entered arena 2.
    43 | D        | Noticed a quasit
    43 | D        | Found a transporter.
    49 | D        | Reached skill level 5 in Stealth
    51 | D        | Killed a quasit
    51 | D        | Reached * piety under Dithmenos
    52 | D        | Reached skill level 1 in Armour
    52 | D        | Reached skill level 1 in Shields
    52 | D        | Reached skill level 5 in Hexes
    52 | D        | Reached XP level 2. HP: 13/13 MP: 5/7
    52 | D        | Reached XP level 3. HP: 16/16 MP: 6/9
    60 | D        | Learned a level 2 spell: Ensorcelled Hibernation
    64 | D        | Learned a level 3 spell: Dazzling Flash
   130 | D        | Entered arena 3.
   130 | D        | Found a transporter.
   150 | D        | Reached ** piety under Dithmenos
   151 | D        | Reached XP level 4. HP: 6/21 MP: 11/11
   163 | D        | Learned a level 4 spell: Cause Fear
   384 | D        | Entered arena 4.
   384 | D        | Noticed a fire elemental
   384 | D        | Noticed a fire elemental
   384 | D        | Noticed a fire elemental
   384 | D        | Noticed a fire elemental
   384 | D        | Found a transporter.
   390 | D        | Killed a fire elemental
   391 | D        | Reached skill level 5 in Dodging
   391 | D        | Reached XP level 5. HP: 20/25 MP: 13/13
   392 | D        | Slain by a fire elemental

Illustrated notes

Levels and vault maps discovered:
D:        sprint_v [room_start, room_1, room_2, room_3, room_4, room_5, room_6,
          room_7, room_8, room_9, room_10, room_11, room_12, room_13, room_14,
          room_15, room_16, room_17, room_18, room_19, room_20, room_21,
          room_22, room_23, room_24, room_25, room_26, room_27]

Skill      XL: |  1  2  3  4 |
---------------+-------------+-----
Dodging        | 3 4 5 |  5.3
Stealth        | 6 8 |  8.7
Spellcasting   | 3 4 |  4.8
Hexes          | 5 6 8 |  8.2
Armour         | 1 2 3 |  3.4
Shields        | 1 2 3 |  3.3
Short Blades   | 2 |  2.9
Fighting       | |  0.6

Action                   |  1- 3 |  4- 6 || total
-------------------------+-------+-------++-------
Melee: Quick blade       |    22 |     5 ||    27
  Use: Potion            |     2 |     1 ||     3
Armor: Robe              |     3 |       ||     3
Dodge: Dodged            |    24 |     5 ||    29

Table legend: (Time is in decaauts)
 A = Elapsed time spent in this place.
 B = Non-inter-level travel time spent in this place.
 C = Inter-level travel time spent in this place.
 D = Time resting spent in this place.
 E = Time spent auto-exploring this place.
 F = Levels seen in this place.
 G = Mean time per level.
                   A        B        C        D        E       F      G
               +--------+--------+--------+--------+--------+-----+--------+
         Total |    377 |    377 |      0 |    298 |      0 |   1 |  377.0 |
       Dungeon |    377 |    377 |      0 |    298 |      0 |   1 |  377.0 |
               +--------+--------+--------+--------+--------+-----+--------+

Top non-repeatable levels by time:
       D: 377 daAuts
